AoeStats
← Lord_Juanuribe

Arabia

510199623Analyzed
2v2 RM · 1d ago on Sep 29, 2026· 29m 32s· 4 players
Game mode
Random Map
Map size
Medium (4 player)
Population
200
Speed
Normal
Resources
Standard
Victory
Conquest
Starting age
Dark Age
Ending age
Imperial Age
RankedLock teamsTeams togetherTeam positionsShared explorationLock speedFull tech treeHidden civsTurbo modeCheats
Victory
Defeat
🇩🇪 Huns · Germany
1339
+16
🇦🇷 Mongols · Argentina
1309
+17
🇦🇷 Chinese · Argentina
1363
-18
🇨🇴 Persians · Colombia
1294
-15
Muten
6:13 Loom
8:25 Feudal Age
10:11 Double-Bit Axe
13:51 Town Watch
14:19 Horse Collar
17:22 Wheelbarrow
18:00 Padded Archer Armor
22:04 Castle Age
20:11 Gold Mining
20:29 Scale Barding Armor
20:35 Forging
21:24 Bloodlines
23:08 Chain Barding Armor
22:50 Husbandry
goupher
9:12 Feudal Age
8:00 Loom
11:00 Double-Bit Axe
16:10 Fletching
16:21 Horse Collar
18:50 Wheelbarrow
24:04 Castle Age
22:45 Gold Mining
24:44 Bodkin Arrow
24:12 Crossbowman
25:00 Thumb Ring
28:42 Gold Shaft Mining
28:25 Bow Saw
Lord_Juanuribe
6:07 Loom
9:02 Feudal Age
9:53 Double-Bit Axe
13:31 Horse Collar
19:08 Scale Barding Armor
18:57 Gold Mining
22:52 Castle Age
21:20 Bloodlines
22:07 Forging
28:44 Fletching
29:23 Husbandry
30:16 Wheelbarrow
30:10 Chain Barding Armor
Golozo
0:34 Loom
9:10 Feudal Age
9:40 Double-Bit Axe
12:48 Horse Collar
16:18 Fletching
19:10 Wheelbarrow
22:39 Castle Age
23:37 Bodkin Arrow
23:03 Crossbowman
23:56 Bow Saw
24:21 Padded Archer Armor
Connection lost

Rejoining the realm…

Still unreachable

The connection could not be restored.

Session expired

The server has moved on; the page needs a fresh start.